 Dungeon Sprint DCSS version 0.30-a0-137-gd8773701ce (webtiles) character file.

Game seed: 3180836025875044423

9100000 howech the Ninja (level 27, -11/174 HPs)
             Began as a Spriggan Brigand on Sept 21, 2022.
             Was the Champion of Makhleb.
             Mangled by The Servant
             ... wielding a +9 glaive of flaming
              (14 damage)
             ... in the Dungeon (Sprint VIII: "Arena of Blood").
             The game lasted 00:04:06 (91 turns).

howech the Ninja (Spriggan Brigand)                   Turns: 91, Time: 00:04:07

Health: -11/174    AC:  4    Str:  7    XL:     27
Magic:  21/41      EV: 54    Int: 14    God:    Makhleb [******]
Gold:   0          SH:  0    Dex: 29    Spells: 26/26 levels left

rFire   + . .      SeeInvis +    l - +∞ Axe of Woe
rCold   . . .      Faith    .    (shield currently unavailable)
rNeg    . . .      Spirit   .    b - +0 robe
rPois   .          Reflect  .    (helmet restricted)
rElec   .          Harm     .    c - +0 cloak
rCorr   .          Rampage  .    (gloves unavailable)
Will    ++++.      NoTele   +    (boots unavailable)
Stlth   ++++++++++               (no amulet)
HPRegen 0.39/turn                h - ring of protection from fire
MPRegen 0.27/turn                (no ring)

@: very quick
A: very small, no large weapons, unfitting armour, see invisible, speed 3
a: Renounce Religion, Minor Destruction, Lesser Servant of Makhleb, Major
Destruction, Greater Servant of Makhleb


You were in the Dungeon.
You worshipped Makhleb.
Makhleb was exalted by your worship.
You visited 1 branch

Inventory:

Hand Weapons
 a - a +2 dagger
 l - the +∞ Axe of Woe (weapon)
   (You found it in the Dungeon)
Missiles
 d - 9 poisoned darts (quivered)
 e - 3 curare-tipped darts
Armour
 b - a +0 robe (worn)
 c - a +0 cloak (worn)
Jewellery
 h - a ring of protection from fire (left hand)
Potions
 f - a potion of curing
 g - a potion of heal wounds
 i - 2 potions of magic
 j - a potion of berserk rage


   Skills:
 O Level 27 Fighting
 O Level 27 Short Blades
 + Level 12.6(18.5) Long Blades
 O Level 27 Axes
 + Level 11.6(25.7) Maces & Flails
 + Level 11.6(25.7) Polearms
 O Level 27 Staves
 O Level 27 Ranged Weapons
 O Level 27 Throwing
 + Level 11.6 Armour
 O Level 27 Dodging
 O Level 27 Stealth
 O Level 27 Shields
 O Level 27 Unarmed Combat
 O Level 27 Conjurations
 O Level 27 Hexes
 O Level 27 Summonings
 O Level 27 Necromancy
 O Level 27 Translocations
 O Level 27 Transmutations
 O Level 27 Fire Magic
 O Level 27 Ice Magic
 O Level 27 Air Magic
 O Level 27 Earth Magic
 O Level 27 Poison Magic
 O Level 27 Invocations
 O Level 27 Evocations


You had 26 spell levels left.
You didn't know any spells.
Your spell library was empty.

Dungeon Overview and Level Annotations

Branches:
Dungeon (1/1)

Altars:
Makhleb

Annotations:
D The Servant


Innate Abilities, Weirdness & Mutations

You are very small and have problems with some larger weapons.
You are too small for most types of armour.
You have supernaturally acute eyesight. (SInv)
You cover ground extremely quickly. (Speed+++)


Message History

You hear a shout!
The bag of meat is engulfed in blazing flames. x2
You hear a shout! x4
Your base Long Blades skill gained 12 levels and is now at level 12!
Your base Maces & Flails skill gained 11 levels and is now at level 11!
Your base Polearms skill gained 11 levels and is now at level 11!
Your Armour skill gained 11 levels and is now at level 11!
Unknown command.
Unknown command.
Unknown command.
You slash the large abomination!
You fatally mangle the large abomination.
You destroy the large abomination!
The large abomination disappears in a puff of smoke!
You hit the meat beast.
You fatally mangle the meat beast.
You kill the meat beast!
Makhleb accepts your kill.
You feel better.
You hit the bag of meat.
You pulverise the bag of meat into a thin bloody mist.
You kill the bag of meat!
Makhleb accepts your kill.
The observer appears out of thin air!
An observer comes into view.
The large abomination disappears in a puff of smoke! x2
You hear a shout! x2
A meat berserker comes into view. It is wielding a +9 battleaxe.
The eight-headed meat hydra calls on the powers of darkness!
The eight-headed meat hydra convulses!
The meat berserker convulses!
The bag of meat convulses! x2; Your body is wracked with pain!
The bag of meat convulses! x2; The observer convulses!
The observer turns its gaze towards you.
The destroyer casts a spell at you.
The destroyer blinks!
You hear a shout!
The destroyer gestures at you while chanting.
The destroyer blinks!
The Servant hits you from afar with a +9 glaive of flaming!!!!
* * * LOW HITPOINT WARNING * * *
The Servant burns you!
You die...

####. ####... ###......
G..o.....## ..o.W.§§#. ...
...o...V.# ....
.OD.o.)).#.O... O ###@VV#...
oooX###O☼§.V.#. ...o.....
#...o#oo§o@L§§§.............
#..§Xoo.W#XX................
#.....ooo.#.X§.....#.......#
#Vo..§X.§§XX.#..o..#.......#
#..§o.§...#......###.......#
#...o#..........)O)...###...
#§°°X##.......#.)......_....


You could see 3 tentacled monstrosities, a tyrant (fast), The Servant, an
eight-headed meat hydra, 4 destroyers, an observer (fast, invisible), 4 large
abominations, 4 meat berserkers, 2 wretched souls and 15 bags of meat.

Vanquished Creatures
  6 hell beasts (D)
  A royal mummy (D)
  A wraith (D)
  12 vampire knights (D)
  23 ogres (D)
  7 two-headed ogres (D)
  2 liches (D)
  A phantom (D)
  43 orcs (D)
  4 skeletal warriors (D)
100 creatures vanquished.

Notes
Turn   | Place    | Note
-------+----------+-------------------------------------------
     0 | D        | Found the +∞ Axe of Woe
     0 | D        | howech the Spriggan Brigand began the quest for the Orb.
     0 | D        | Reached XP level 1. HP: 10/10 MP: 2/2
     1 | D        | Noticed a bag of meat
     3 | D        | Became a worshipper of Makhleb the Destroyer
     4 | D        | Noticed a bag of meat
     4 | D        | Killed a bag of meat
     5 | D        | Reached skill level 10 in Throwing
     5 | D        | Reached skill level 27 in Stealth
     5 | D        | Reached XP level 2. HP: 23/23 MP: 3/3
     5 | D        | Reached XP level 3. HP: 26/26 MP: 4/4
     5 | D        | Reached XP level 4. HP: 31/31 MP: 5/5
     5 | D        | Reached XP level 5. HP: 35/35 MP: 6/6
     5 | D        | Reached XP level 6. HP: 39/39 MP: 7/7
     5 | D        | Reached XP level 7. HP: 44/44 MP: 8/8
     5 | D        | Reached XP level 8. HP: 48/48 MP: 9/9
     5 | D        | Reached XP level 9. HP: 52/52 MP: 10/10
     5 | D        | Reached XP level 10. HP: 57/57 MP: 11/11
     5 | D        | Noticed a bag of meat
     7 | D        | Noticed a bag of meat
     8 | D        | Noticed a meat berserker
     9 | D        | Killed a bag of meat
     9 | D        | Reached * piety under Makhleb
     9 | D        | Noticed a bag of meat
    10 | D        | Reached skill level 10 in Fighting
    10 | D        | Reached skill level 10 in Invocations
    10 | D        | Reached XP level 11. HP: 63/63 MP: 11/19
    11 | D        | Noticed a meat berserker
    11 | D        | Noticed a meat berserker
    12 | D        | Killed a meat berserker
    12 | D        | Noticed a bag of meat
    13 | D        | Reached skill level 15 in Invocations
    13 | D        | Reached XP level 12. HP: 71/71 MP: 11/24
    13 | D        | Reached XP level 13. HP: 74/74 MP: 11/25
    15 | D        | Killed a meat berserker
    15 | D        | Killed a meat berserker
    15 | D        | Reached ** piety under Makhleb
    15 | D        | Noticed a meat berserker
    15 | D        | Noticed a meat berserker
    16 | D        | Reached skill level 10 in Dodging
    16 | D        | Reached XP level 14. HP: 84/84 MP: 11/29
    16 | D        | Noticed a meat berserker
    16 | D        | Noticed a meat berserker
    16 | D        | Noticed a meat berserker
    18 | D        | Killed a bag of meat
    19 | D        | Noticed a destroyer
    19 | D        | Noticed a bag of meat
    19 | D        | Noticed a meat berserker
    20 | D        | Noticed a bag of meat
    20 | D        | Noticed a bag of meat
    20 | D        | Noticed a meat berserker
    20 | D        | Noticed a bag of meat
    21 | D        | Noticed a destroyer
    21 | D        | Noticed a bag of meat
    21 | D        | Noticed a meat berserker
    21 | D        | Noticed a meat berserker
    21 | D        | Noticed a bag of meat
    21 | D        | Noticed a bag of meat
    21 | D        | Noticed a bag of meat
    21 | D        | Noticed a meat berserker
    22 | D        | Killed a destroyer
    22 | D        | Noticed a bag of meat
    23 | D        | Reached skill level 15 in Fighting
    23 | D        | Reached XP level 15. HP: 91/91 MP: 12/31
    23 | D        | Noticed a destroyer
    26 | D        | Killed a meat berserker
    26 | D        | Reached *** piety under Makhleb
    26 | D        | Noticed a meat berserker
    26 | D        | Noticed a meat berserker
    27 | D        | Killed a meat berserker
    27 | D        | Killed a meat berserker
    27 | D        | Killed a meat berserker
    27 | D        | Reached **** piety under Makhleb
    28 | D        | Reached skill level 27 in Invocations
    28 | D        | Reached XP level 16. HP: 102/102 MP: 12/34
    28 | D        | Noticed a large bag of meat
    29 | D        | Killed a meat berserker
    30 | D        | Reached skill level 27 in Axes
    30 | D        | Noticed a large bag of meat
    30 | D        | Killed a destroyer
    30 | D        | Killed a meat berserker
    30 | D        | Reached ***** piety under Makhleb
    30 | D        | Killed a meat berserker
    31 | D        | Reached skill level 27 in Fighting
    31 | D        | Reached skill level 27 in Dodging
    31 | D        | Reached XP level 17. HP: 121/121 MP: 13/35
    31 | D        | Killed a meat berserker
    32 | D        | Reached skill level 5 in Translocations
    32 | D        | Reached XP level 18. HP: 127/127 MP: 13/36
    32 | D        | Killed a meat berserker
    32 | D        | Noticed a destroyer
    33 | D        | Reached skill level 5 in Staves
    33 | D        | Reached skill level 5 in Shields
    33 | D        | Reached skill level 5 in Unarmed Combat
    33 | D        | Reached skill level 5 in Summonings
    33 | D        | Reached skill level 5 in Necromancy
    33 | D        | Reached skill level 5 in Fire Magic
    33 | D        | Reached skill level 5 in Ice Magic
    33 | D        | Reached skill level 5 in Air Magic
    33 | D        | Reached skill level 5 in Earth Magic
    33 | D        | Noticed a destroyer
    34 | D        | Reached skill level 5 in Conjurations
    34 | D        | Reached skill level 10 in Translocations
    34 | D        | Reached ****** piety under Makhleb
    34 | D        | Noticed a large bag of meat
    34 | D        | Noticed a destroyer
    36 | D        | Reached skill level 10 in Hexes
    36 | D        | Reached skill level 10 in Transmutations
    36 | D        | Reached skill level 10 in Evocations
    36 | D        | Reached XP level 19. HP: 132/132 MP: 13/37
    36 | D        | Killed a destroyer
    36 | D        | Killed a meat berserker
    36 | D        | Killed a meat berserker
    36 | D        | Killed a meat berserker
    37 | D        | Reached skill level 10 in Unarmed Combat
    37 | D        | Reached skill level 10 in Necromancy
    37 | D        | Reached skill level 15 in Translocations
    37 | D        | Reached skill level 10 in Air Magic
    37 | D        | Reached skill level 10 in Earth Magic
    37 | D        | Killed a destroyer
    38 | D        | Reached skill level 10 in Staves
    38 | D        | Reached skill level 10 in Shields
    38 | D        | Reached skill level 10 in Summonings
    38 | D        | Reached skill level 15 in Transmutations
    38 | D        | Reached skill level 10 in Fire Magic
    38 | D        | Reached skill level 10 in Ice Magic
    38 | D        | Reached skill level 15 in Evocations
    38 | D        | Reached XP level 20. HP: 137/137 MP: 14/38
    38 | D        | Killed a large bag of meat
    39 | D        | Reached skill level 15 in Hexes
    39 | D        | Killed a destroyer
    40 | D        | Reached skill level 10 in Conjurations
    41 | D        | Killed a large bag of meat
    41 | D        | Noticed a destroyer
    42 | D        | Reached skill level 15 in Ranged Weapons
    43 | D        | Noticed a destroyer
    44 | D        | Noticed a meat berserker
    45 | D        | Noticed an accursed
    46 | D        | Noticed a large bag of meat
    49 | D        | Noticed a large bag of meat
    50 | D        | Reached XP level 21. HP: 142/142 MP: 15/39
    52 | D        | Noticed a destroyer
    52 | D        | Noticed a destroyer
    53 | D        | Noticed a large bag of meat
    55 | D        | Reached skill level 15 in Poison Magic
    55 | D        | Noticed a tyrant
    59 | D        | Reached skill level 15 in Necromancy
    59 | D        | Reached skill level 15 in Air Magic
    59 | D        | Reached skill level 15 in Earth Magic
    59 | D        | Killed a destroyer
    60 | D        | Reached skill level 15 in Unarmed Combat
    60 | D        | Killed a large bag of meat
    60 | D        | Killed a destroyer
    60 | D        | Noticed a destroyer
    61 | D        | Reached skill level 15 in Staves
    61 | D        | Reached skill level 15 in Shields
    61 | D        | Reached skill level 15 in Summonings
    61 | D        | Reached skill level 15 in Fire Magic
    61 | D        | Reached skill level 15 in Ice Magic
    61 | D        | Reached XP level 22. HP: 129/148 MP: 16/40
    61 | D        | Noticed a destroyer
    61 | D        | Noticed a tyrant
    62 | D        | Killed an accursed
    62 | D        | Killed a large bag of meat
    62 | D        | Noticed a tyrant
    63 | D        | Killed a large bag of meat
    63 | D        | Noticed a meat beast
    64 | D        | Reached skill level 15 in Conjurations
    65 | D        | Reached XP level 23. HP: 150/153 MP: 17/41
    65 | D        | Noticed a dread
    68 | D        | Reached skill level 27 in Translocations
    68 | D        | Killed a large bag of meat
    68 | D        | Noticed a destroyer
    69 | D        | Killed a destroyer
    69 | D        | Killed a destroyer
    70 | D        | Reached skill level 27 in Transmutations
    70 | D        | Reached skill level 27 in Evocations
    70 | D        | Reached XP level 24. HP: 153/158 MP: 17/41
    70 | D        | Noticed an accursed
    71 | D        | Killed a meat beast
    71 | D        | Killed a destroyer
    72 | D        | Reached skill level 27 in Hexes
    74 | D        | Reached XP level 25. HP: 157/163 MP: 18/41
    75 | D        | Noticed a tyrant
    78 | D        | Reached skill level 27 in Ranged Weapons
    78 | D        | Noticed an accursed
    80 | D        | Killed a tyrant
    81 | D        | Reached XP level 26. HP: 41/169 MP: 19/41
    81 | D        | Noticed a destroyer
    81 | D        | Noticed a tyrant
    81 | D        | Noticed a destroyer
    81 | D        | Noticed a dread
    81 | D        | Noticed a meat beast
    81 | D        | Noticed a destroyer
    81 | D        | Noticed a large bag of meat
    81 | D        | Noticed a meat beast
    81 | D        | Noticed a meat beast
    82 | D        | Noticed a large bag of meat
    82 | D        | Noticed a meat beast
    82 | D        | Noticed The Servant
    82 | D        | Noticed a destroyer
    83 | D        | Killed a large bag of meat
    83 | D        | Killed a dread
    84 | D        | Reached skill level 27 in Poison Magic
    84 | D        | Killed a meat beast
    85 | D        | Reached skill level 27 in Necromancy
    85 | D        | Killed a meat beast
    86 | D        | Reached skill level 27 in Unarmed Combat
    86 | D        | Reached skill level 27 in Air Magic
    86 | D        | Reached skill level 27 in Earth Magic
    86 | D        | Reached XP level 27. HP: 170/174 MP: 20/41
    86 | D        | Noticed a meat beast
    86 | D        | Noticed a destroyer
    87 | D        | Killed a meat beast
    88 | D        | Reached skill level 27 in Staves
    88 | D        | Reached skill level 27 in Shields
    88 | D        | Reached skill level 27 in Conjurations
    88 | D        | Reached skill level 27 in Summonings
    88 | D        | Reached skill level 27 in Fire Magic
    88 | D        | Reached skill level 27 in Ice Magic
    88 | D        | Reached skill level 15 in Short Blades
    88 | D        | Killed a meat beast
    89 | D        | Reached skill level 27 in Short Blades
    89 | D        | Killed a tyrant
    90 | D        | Reached skill level 27 in Throwing
    90 | D        | Killed a destroyer
    90 | D        | Killed a destroyer
    91 | D        | Killed a meat beast
    91 | D        | HP: 3/174 [The Servant/+9 glaive of flaming (85)]
    91 | D        | Mangled by The Servant

Illustrated notes

Levels and vault maps discovered:
D:        meatsprint

Skill      XL: |  1  2  3  4  5  6  7  8  9 10 11 12 13 14 15 16 17 18 19 20 21 22 23 24 25 26 27 |
---------------+----------------------------------------------------------------------------------+-----
Fighting       | 8 10 11 14 15 19 27 | 27.0
Short Blades   | 11 27 | 27.0
Axes           | 4 9 13 18 20 25 27 | 27.0
Throwing       | 10 27 | 27.0
Dodging        | 6 7 8 10 11 13 27 | 27.0
Stealth        | 27 | 27.0
Invocations    | 10 15 20 23 27 | 27.0
Staves         | 2 6 10 12 15 16 18 20 22 25 27 | 27.0
Ranged Weapons | 3 9 13 16 19 20 23 26 27 | 27.0
Shields        | 2 6 10 12 15 16 18 20 22 25 27 | 27.0
Unarmed Combat | 3 7 11 13 16 17 19 22 24 27 | 27.0
Conjurations   | 2 6 9 11 14 15 17 19 21 24 27 | 27.0
Hexes          | 4 10 14 17 21 22 25 27 | 27.0
Summonings     | 2 7 10 12 15 16 18 21 23 26 27 | 27.0
Necromancy     | 3 7 11 13 16 18 20 23 24 27 | 27.0
Translocations | 5 11 16 20 24 26 27 | 27.0
Transmutations | 4 10 15 18 22 24 27 | 27.0
Fire Magic     | 2 7 10 12 15 16 18 21 23 26 27 | 27.0
Ice Magic      | 2 7 10 12 15 16 18 21 22 26 27 | 27.0
Air Magic      | 3 7 11 13 16 18 20 22 24 27 | 27.0
Earth Magic    | 3 7 11 13 16 18 20 22 24 27 | 27.0
Poison Magic   | 3 8 12 14 17 19 21 24 26 27 | 27.0
Evocations     | 4 10 15 18 22 24 27 | 27.0
Long Blades    | 12 | 12.6
Maces & Flails | 11 | 11.6
Polearms       | 11 | 11.6
Armour         | 11 | 11.6

Action                   |  1- 3 |  4- 6 |  7- 9 | 10-12 | 13-15 | 16-18 | 19-21 | 22-24 | 25-27 || total
-------------------------+-------+-------+-------+-------+-------+-------+-------+-------+-------++-------
Melee: Broad axe         |     1 |       |       |     2 |     5 |     7 |    14 |     9 |    14 ||    52
  Use: Potion            |       |       |       |     1 |       |       |       |       |       ||     1
       Scroll            |       |       |       |       |       |       |       |       |     1 ||     1
Dodge: Dodged            |       |       |       |       |       |       |       |       |     2 ||     2

Table legend: (Time is in decaauts)
 A = Elapsed time spent in this place.
 B = Non-inter-level travel time spent in this place.
 C = Inter-level travel time spent in this place.
 D = Time resting spent in this place.
 E = Time spent auto-exploring this place.
 F = Levels seen in this place.
 G = Mean time per level.
                   A        B        C        D        E       F      G
               +--------+--------+--------+--------+--------+-----+--------+
         Total |     50 |     50 |      0 |      0 |      0 |   1 |   50.0 |
       Dungeon |     50 |     50 |      0 |      0 |      0 |   1 |   50.0 |
               +--------+--------+--------+--------+--------+-----+--------+

Top non-repeatable levels by time:
       D: 50 daAuts
